 Dungeon Crawl Stone Soup version 0.27-a0-333-gfa571bf19a (webtiles) character file.

Game seed: 13083583644615419034

1709 dickylongcocking the Martial Artist (level 9, -4/59 HPs)
             Began as an Octopode Monk on Feb 13, 2021.
             Was a Priest of Nemelex Xobeh.
             Slain by a hellwing (6 damage)
             ... summoned by the player character
             ... on level 6 of the Dungeon.
             The game lasted 00:04:19 (6359 turns).

dickylongcocking the Martial Artist (Octopode Monk) Turns: 6359, Time: 00:04:20

Health: -4/59      AC:  1    Str: 10    XL:     9   Next: 3%
Magic:  11/11      EV: 16    Int: 20    God:    Nemelex Xobeh [***...]
Gold:   194        SH:  0    Dex: 16    Spells: 8/8 levels left

rFire    . . .     SeeInvis .     - Unarmed
rCold    . . .     Faith    +   (no shield)
rNeg     . . .     Spirit   .   (helmet restricted)
rPois    .         Reflect  .   j - amulet of faith
rElec    .         Harm     .   n - +6 ring of intelligence
rCorr    .         Rampage  .   (no ring)
Will     .....                  (no ring)
Stlth    +++++.....             (no ring)
HPRegen  0.19/turn              (no ring)
MPRegen  0.12/turn              (no ring)
                                (no ring)
                                (no ring)

@: no status effects
A: almost no armour, stealthy swim, amphibious, 8 rings, constrict 8, camouflage
1, gelatinous body 1
a: Renounce Religion, Draw Escape, Draw Destruction, Draw Summoning, Triple Draw


You were on level 6 of the Dungeon.
You worshipped Nemelex Xobeh.
Nemelex Xobeh was most pleased with you.
You visited 1 branch of the dungeon, and saw 6 of its levels.

You collected 194 gold pieces.

Inventory:

Jewellery
 j - an amulet of faith (around mantle)
 m - a ring of fire
 n - a +6 ring of intelligence (left tentacle)
 r - a ring of fire
 x - a +6 ring of dexterity {unknown}
Wands
 k - a wand of flame (34)
 l - a wand of random effects (19)
 o - a wand of digging (11)
Scrolls
 a - 3 scrolls of enchant armour {unknown}
 c - 11 scrolls of identify {unknown}
 d - 6 scrolls of teleportation {unknown}
 e - 2 scrolls of enchant weapon {unknown}
 f - 2 scrolls of amnesia {unknown}
 h - 2 scrolls of blinking {unknown}
 i - 4 scrolls of noise {unknown}
 p - 3 scrolls of immolation {unknown}
Potions
 b - a potion of magic {unknown}
 g - a potion of haste {unknown}
 q - a potion of lignification {unknown}
 s - a potion of resistance {unknown}
 t - 3 potions of mutation {unknown}
 u - a potion of berserk rage {unknown}
 v - a potion of cancellation {unknown}
 w - 2 potions of curing {unknown}


   Skills:
 - Level 4.5 Fighting
 - Level 5.0 Dodging
 - Level 7.8 Stealth
 * Level 8.5 Unarmed Combat
 * Level 2.7 Invocations


You had 8 spell levels left.
You didn't know any spells.
Your spell library was empty.

Dungeon Overview and Level Annotations

Branches:
Dungeon (6/15)
 Temple: D:4-7

Altars:
Nemelex Xobeh
Zin

Annotations:
D:6 Dowan, Duvessa


Innate Abilities, Weirdness & Mutations

You cannot wear most types of armour.
You are very stealthy in the water. (Stealth+)
You are amphibious.
You can wear up to eight rings at the same time.
You can use your tentacles to constrict eight enemies at once.
Your skin changes colour to match your surroundings (Stealth+).
Your rubbery body absorbs attacks. (AC +1, EV +1)


Message History

The air around Dowan crackles with energy!
You feel a surge of magic.
You feel your power returning.
A scorpion comes into view.
Unknown command.
Unknown command.
Unknown command.
You draw a card...
You have drawn the Pentagram.
Unknown command.
Unknown command.
You draw a card...
You have drawn Pain.
Press: ? - help, Shift-Dir - straight line Duvessa convulses!
Duvessa hits you with a +0 short sword!
Your hell hound closely misses Duvessa.
The hellwing hits you! The hellwing closely misses you.
Unknown command.
Unknown command.
Unknown command.
You draw a card...
You have drawn the Illusion.
Suddenly you stand beside yourself.
Your hell hound closely misses Duvessa.
Duvessa barely misses you. Dowan gestures at you while chanting.
The puff of frost hits you! The hellwing closely misses you.
The hellwing hits you!
* * * LOW HITPOINT WARNING * * *
Your hell hound bites Duvessa.
Unknown command.
Okay, then.
Okay, then.
You draw a card...
You have drawn Velocity.
Nothing appears to happen.
Duvessa gestures with her weapon.
Duvessa hits you with a +0 short sword!
* * * LOW HITPOINT WARNING * * *
Your hell hound bites Duvessa.
Dowan casts a spell at you. The puff of frost hits you!
* * * LOW HITPOINT WARNING * * *
The hellwing hits you.
You die...
Your body glows with a rainbow of weird colours and disappears.

##..# .# ###
...... .##..
#..... ....
......# ..# .
.......##..#
.. #...†<..#
..>
##.e.h.##....
#.s†e@......
#..#@.#.....
#....4......
#.....##.....
.........
.....
..##.....#
....
..........
....
..........
...
........##.
......... ..


You could see a hellwing (summoned), Duvessa (ally target), Dowan, a scorpion, a
friendly hell hound (summoned) and the friendly dickylongcocking's illusion
(summoned).

Vanquished Creatures
  Pikel (D:4)
  Grinder (D:3)
  Edmund (D:4)
  2 phantoms (D:5)
  A lemure (D:4)
  2 kobold brigands (D:4)
  4 wights (D:3)
  An orc priest (D:3)
  Ijyb (D:3)
  5 worker ants
  Natasha (thrice) (D:3)
  3 orc wizards
  A hound skeleton (D:4)
  A howler monkey skeleton (D:5)
  Robin (D:2)
  4 adders
  2 white imps (D:5)
  An ufetubus (D:5)
  2 worms
  4 dart slugs
  3 leopard geckos
  6 orcs
  11 bats
  7 giant cockroaches
  8 goblins (D:2)
  9 hobgoblins
  11 jackals
  A quokka (D:6)
  7 frilled lizards
  9 kobolds
  A quokka skeleton (D:4)
  5 rats
119 creatures vanquished.

Notes
Turn   | Place    | Note
-------+----------+-------------------------------------------
     0 | D:1      | dickylongcocking the Octopode Monk began the quest for the
                  | Orb.
     0 | D:1      | Reached XP level 1. HP: 16/16 MP: 1/1
   190 | D:1      | Reached XP level 2. HP: 19/21 MP: 2/2
  1070 | D:2      | Reached XP level 3. HP: 20/26 MP: 3/3
  1171 | D:2      | Found a glowing silver altar of Zin.
  1800 | D:2      | Noticed Robin
  1805 | D:2      | Killed Robin
  1806 | D:2      | Reached XP level 4. HP: 32/32 MP: 4/4
  2361 | D:3      | Found a sparkling altar of Nemelex Xobeh.
  2386 | D:3      | Became a worshipper of Nemelex Xobeh the Trickster
  2386 | D:3      | Reached * piety under Nemelex Xobeh
  2386 | D:3      | Received a gift from Nemelex Xobeh
  2386 | D:3      | Reached ** piety under Nemelex Xobeh
  2421 | D:3      | Noticed Ijyb
  2422 | D:3      | Reached skill level 4 in Unarmed Combat
  2668 | D:3      | Reached XP level 5. HP: 36/36 MP: 5/5
  2699 | D:3      | Killed Ijyb
  2705 | D:3      | Noticed Grinder
  2716 | D:3      | Killed Grinder
  2717 | D:3      | Reached skill level 5 in Stealth
  2717 | D:3      | Reached skill level 5 in Unarmed Combat
  2717 | D:3      | Reached XP level 6. HP: 21/43 MP: 6/6
  3012 | D:3      | Received a gift from Nemelex Xobeh
  3034 | D:3      | Reached XP level 7. HP: 26/47 MP: 7/7
  3235 | D:3      | Reached skill level 6 in Unarmed Combat
  3442 | D:3      | Noticed Natasha
  3450 | D:3      | Killed Natasha
  3481 | D:3      | Noticed Natasha
  3487 | D:3      | Killed Natasha
  3732 | D:3      | Noticed Natasha
  3743 | D:3      | Killed Natasha
  4087 | D:4      | Noticed Edmund
  4102 | D:4      | Killed Edmund
  4436 | D:4      | Reached XP level 8. HP: 54/54 MP: 8/8
  4453 | D:4      | Reached skill level 7 in Unarmed Combat
  4799 | D:4      | Noticed Pikel
  4818 | D:4      | HP: 1/54 [Pikel/+2 whip of freezing (2)]
  4819 | D:4      | Killed Pikel
  4820 | D:4      | Reached skill level 5 in Dodging
  4820 | D:4      | Reached skill level 8 in Unarmed Combat
  5250 | D:5      | Entered Level 5 of the Dungeon
  5495 | D:5      | Reached skill level 1 in Invocations
  5735 | D:5      | Reached *** piety under Nemelex Xobeh
  5964 | D:5      | Received a gift from Nemelex Xobeh
  6002 | D:5      | Reached XP level 9. HP: 58/59 MP: 10/10
  6351 | D:6      | Noticed Duvessa
  6352 | D:6      | Noticed Dowan
  6356 | D:6      | Noticed a hellwing
  6359 | D:6      | HP: 2/59 [Dowan/puff of frost (7)]
  6359 | D:6      | Slain by a hellwing

Illustrated notes

Levels and vault maps discovered:
D:1:      ebering_trefoil_twist, layout_basic
D:2:      layout_basic, marbit_many_paths, uniq_robin
D:3:      layout_rooms, nicolae_overflow_crystal_walls, minivault_11, uniq_ijyb,
          uniq_natasha, uniq_grinder
D:4:      cheibrodos_thug_alley, layout_rooms, minmay_statues_item, uniq_edmund,
          uniq_pikel
D:5:      layout_loops_ring
D:6:      layout_rooms, uniq_duvessa

Skill      XL: |  1  2  3  4  5  6  7  8 |
---------------+-------------------------+-----
Stealth        | 3 5 6 7 |  7.8
Unarmed Combat | 4 5 6 8 |  8.5
Dodging        | 4 5 |  5.0
Fighting       | 4 |  4.5
Invocations    | 2 |  2.7

Action                   |  1- 3 |  4- 6 |  7- 9 || total
-------------------------+-------+-------+-------++-------
Melee: Unarmed           |    76 |    65 |   162 ||   303
       Constrict         |    24 |    16 |    40 ||    80
       Tentacles         |    13 |    12 |    37 ||    62
       Punch             |     3 |     1 |     8 ||    12
Invok: Draw Destruction  |       |     4 |     5 ||     9
       Draw Summoning    |       |       |     2 ||     2
       Draw Escape       |       |       |     1 ||     1
 Stab: Sleeping          |     5 |     5 |    15 ||    25
Armor: Skin              |    10 |     2 |     5 ||    17
Dodge: Dodged            |    63 |    35 |   105 ||   203

Table legend: (Time is in decaauts)
 A = Elapsed time spent in this place.
 B = Non-inter-level travel time spent in this place.
 C = Inter-level travel time spent in this place.
 D = Time resting spent in this place.
 E = Time spent auto-exploring this place.
 F = Levels seen in this place.
 G = Mean time per level.
                   A        B        C        D        E       F      G
               +--------+--------+--------+--------+--------+-----+--------+
         Total |   6332 |   6166 |    166 |    956 |   4402 |   6 | 1055.3 |
       Dungeon |   6332 |   6166 |    166 |    956 |   4402 |   6 | 1055.3 |
               +--------+--------+--------+--------+--------+-----+--------+

Top non-repeatable levels by time:
     D:2: 1507 daAuts
     D:3: 1474 daAuts
     D:4: 1470 daAuts
     D:5: 1079 daAuts
     D:1: 778 daAuts
     D:6: 22 daAuts
